 Dungeon Crawl Stone Soup version 0.17-a0-2069-g0f4ee5b (webtiles) character file.

336 pk666 the Skirmisher (level 6, 0/57 HPs)
             Began as a Minotaur Fighter on Oct 14, 2015.
             Slain by an ogre
             ... wielding a +0 giant spiked club
              (19 damage)
             ... on level 4 of the Dungeon.
             The game lasted 00:04:22 (2018 turns).

pk666 the Skirmisher (Minotaur Fighter)             Turns: 2018, Time: 00:04:22

Health: 0/57       AC:  7    Str: 21    XL:     6   Next: 28%
Magic:  14/14      EV:  7    Int:  5    God:
Gold:   114        SH:  9    Dex: 11    Spells: 0 memorised, 5 levels left

rFire  . . .     SeeInvis +     a - +0 war axe
rCold  . . .     Clarity  .     b - +0 scale mail
rNeg   + . .     SustAt   .     c - +0 shield
rPois  .         Gourm    .     (helmet restricted)
rElec  .         Spirit   .     (no cloak)
rCorr  .         Warding  +     (no gloves)
rMut   .         Stasis   .     (no boots)
MR     .....                    o - amulet of warding
Stlth  ..........               l - ring of see invisible
                                e - ring of magical power

@: not resistant to hostile enchantments, extremely unstealthy
A: retaliatory headbutt, horns 2
a: no special abilities


You were on level 4 of the Dungeon.
You were not hungry.

You visited 1 branch of the dungeon, and saw 4 of its levels.

You collected 114 gold pieces.

Inventory:

Hand Weapons
 a - a +0 war axe (weapon)
Armour
 b - a +0 scale mail (worn)
 c - a +0 shield (worn)
Jewellery
 e - a ring of magical power (left hand)
 l - a ring of see invisible (right hand)
 o - an amulet of warding (around neck)
 p - an uncursed ring of fire
Scrolls
 f - 4 scrolls of remove curse {unknown}
 h - 2 scrolls of identify {unknown}
 i - a scroll of amnesia {unknown}
Potions
 d - a potion of might
 j - 2 potions of curing
 k - 2 potions of heal wounds {unknown}
 m - a potion of resistance {unknown}
 n - a potion of poison {unknown}
Comestibles
 g - a fruit
 q - 5 chunks of flesh
 x - 3 bread rations


   Skills:
 + Level 5.9 Fighting
 + Level 4.8 Axes
 + Level 5.6 Armour
 - Level 3.6 Shields


You had 5 spell levels left.
You didn't know any spells.

Dungeon Overview and Level Annotations

Branches:
Dungeon (4/15)             Temple (0/1) D:4

Altars:


Innate Abilities, Weirdness & Mutations

You reflexively headbutt those who attack you in melee.
You have a pair of horns on your head.


Message History

Dowan is almost dead.
Dowan hits you but does no damage. You block Dowan's attack.
Dowan gestures wildly while chanting.
Dowan blinks!
An ogre comes into view. It is wielding a giant spiked club.
The ogre shouts!
Found 16 sling bullets.
A jackal comes into view.
The jackal barks!
Dowan barely misses you. Dowan closely misses you.
A scorpion comes into view.
Your shield and scale mail prevent you from hitting Dowan.
You headbutt Dowan.
You kill Dowan!
A jackal comes into view.
A ball python comes into view.
The jackal barks!
The jackal bites you. x2
The ogre hits you with a giant spiked club!!
You die...

. #.#. #.....# #....
#.....#
....S############.....#
.....h.)..$.....#.....#
................#.....#
.......h........#.....#
.8.8.8..@.).....#.....##
..⌠.⌠..O...............#
.8.>.8.##.######.#.....#
..⌠.⌠.. #.# #.#...#...
.8.8s8. #.# #.#..#.# .
..(... #.# #.#... ..
.### #.. #<###.. .. ##
### ### #


You could see an ogre, a scorpion, 2 jackals and a ball python.

Vanquished Creatures
  Duvessa (D:4)
  Dowan (D:4)
  2 orc wizards (D:3)
  4 adders
  A worm (D:3)
  2 giant geckos
  12 orcs (D:3)
  4 bats
  A giant cockroach (D:2)
  11 goblins
  6 hobgoblins
  3 giant newts
  8 jackals
  8 kobolds
  A quokka (D:4)
  5 rats
70 creatures vanquished.

Notes
Turn   | Place    | Note
--------------------------------------------------------------
     0 | D:1      | pk666 the Minotaur Fighter began the quest for the Orb.
     0 | D:1      | Reached XP level 1. HP: 19/19 MP: 0/0
   160 | D:1      | Reached XP level 2. HP: 27/27 MP: 1/1
   282 | D:1      | Reached skill level 4 in Armour
   729 | D:2      | Reached XP level 3. HP: 33/33 MP: 2/2
  1327 | D:3      | Reached XP level 4. HP: 31/41 MP: 3/3
  1484 | D:3      | Reached skill level 5 in Fighting
  1736 | D:3      | Reached XP level 5. HP: 46/48 MP: 4/4
  1838 | D:3      | Reached skill level 5 in Armour
  2000 | D:4      | Noticed Duvessa
  2001 | D:4      | Found a staircase to the Ecumenical Temple.
  2002 | D:4      | Noticed Dowan
  2010 | D:4      | Killed Duvessa
  2010 | D:4      | Reached XP level 6. HP: 34/57 MP: 5/5
  2015 | D:4      | Noticed an ogre
  2017 | D:4      | Killed Dowan
  2018 | D:4      | Slain by an ogre

Vault maps used:
D:1:      lemuel_arrival_behind_the_door_large, item_on_display_a
D:2:      first_bread, serial_co_window_serial, co_window_paths_b,
          co_window_paths_a, co_window_of_opportunity_a,
          co_window_of_opportunity_a, co_window_of_opportunity_a,
          co_window_corner_ca, co_window_of_opportunity_c, co_window_cross_4,
          co_window_2corner, co_window_paths_c, co_window_4corner_b,
          glass_columns_a, glass_columns_c
D:4:      minmay_temple_entry_statues_fountains, hangedman_decor_slide_cut,
          minmay_tree_intersection, minmay_misc_feat_tiny, uniq_duvessa,
          uniq_eustachio

Action                   |  1- 3 |  4- 6 || total
-------------------------+-------+-------++-------
Melee: War axe           |    82 |    65 ||   147
  Eat: Chunk             |     1 |     3 ||     4
